[Event "Olomouc Chess Summer IM-B 2024"]
[Site "Olomouc"]
[Date "2024.08.12"]
[Round "4.11"]
[White "Jurek, Josef"]
[Black "Ihnat, Marek"]
[Result "1/2-1/2"]
[ECO "D76"]
[WhiteElo "2191"]
[BlackElo "2097"]
[Annotator "RC"]
[PlyCount "54"]
[EventDate "2024.08.10"]
[EventType "tourn"]
[EventCountry "CZE"]
[SourceTitle "playchess.com"]
[Source "ChessBase"]
[SourceQuality "1"]
[TimeControl "40/5400+30:1800+30"]

1. c4 Nf6 2. d4 g6 3. Nf3 Bg7 4. g3 O-O 5. Bg2 d5 6. cxd5 Nxd5 7. O-O Nb6 8. Nc3 Nc6 9. e3 Re8 10. Re1 a5 11. Nb5 a4 12. Bd2 e5 13. dxe5 Nxe5 14. Nxe5 Bxe5 15. Bc3 Bxc3 16. Nxc3 c6 17. Ne4 Qe7 18. Qd6 Qxd6 19. Nxd6 Re7 20. Rad1 Be6 21. Nxb7 Rxb7 22. Bxc6 Rab8 23. Bxb7 Rxb7 24. b3 axb3 25. axb3 Nd7 26. Kg2 Rxb3 27. Rb1 Rxb1 1/2-1/2

[Event "Olomouc Chess Summer IM-B 2024"]
[Site "Olomouc"]
[Date "2024.08.12"]
[Round "4.12"]
[White "Ptacnikova, Lenka"]
[Black "Leitgeb, Julian"]
[Result "1/2-1/2"]
[ECO "D02"]
[WhiteElo "2086"]
[BlackElo "2313"]
[Annotator "RC"]
[PlyCount "42"]
[EventDate "2024.08.10"]
[EventType "tourn"]
[EventCountry "CZE"]
[SourceTitle "playchess.com"]
[Source "ChessBase"]
[SourceQuality "1"]
[TimeControl "40/5400+30:1800+30"]

1. Nf3 d5 2. g3 Nf6 3. Bg2 e6 4. O-O c5 5. d4 cxd4 6. Nxd4 e5 7. Nb3 Be6 8. c4 Nc6 9. cxd5 Nxd5 10. Nc3 Nxc3 11. bxc3 Qc7 12. Be3 Rd8 13. Qc1 Be7 14. Qb2 O-O 15. Nc5 Bc8 16. Qb5 b6 17. Qxc6 Qxc6 18. Bxc6 Bxc5 19. Bxc5 bxc5 20. Rfb1 Rd6 21. Ba4 Ba6 1/2-1/2

[Event "Olomouc Chess Summer IM-B 2024"]
[Site "Olomouc"]
[Date "2024.08.12"]
[Round "4.13"]
[White "Dukic, Zachary"]
[Black "Delgerdalai, Bayarjavkhlan"]
[Result "0-1"]
[ECO "B90"]
[WhiteElo "2244"]
[BlackElo "2278"]
[Annotator "RC"]
[PlyCount "104"]
[EventDate "2024.08.10"]
[EventType "tourn"]
[EventCountry "CZE"]
[SourceTitle "playchess.com"]
[Source "ChessBase"]
[SourceQuality "1"]
[TimeControl "40/5400+30:1800+30"]

1. e4 c5 2. Nf3 d6 3. d4 cxd4 4. Nxd4 Nf6 5. Nc3 a6 6. h4 e5 7. Nb3 Be6 8. f4 exf4 9. Bxf4 Nc6 10. Qd2 d5 11. O-O-O Bb4 12. Qd3 dxe4 13. Nxe4 Qxd3 14. Nxf6+ gxf6 15. Bxd3 Rd8 16. Bc7 Rd7 17. Bb6 Ne5 18. Be2 Rg8 19. Nc5 Bxc5 20. Bxc5 Rxd1+ 21. Bxd1 Rxg2 22. Rf1 Rh2 23. h5 Bg4 24. Bxg4 Nxg4 25. Rf5 Kd7 26. Rd5+ Kc6 27. c4 Ne5 28. Be7 Nxc4 29. Rc5+ Kd7 30. Bxf6 Nd6 31. Re5 Kc6 32. a3 Rf2 33. Be7 Kd7 34. Bh4 Rf5 35. Re7+ Kc6 36. Bg3 b6 37. Kc2 Rc5+ 38. Kd3 Nf5 39. Rc7+ Kd5 40. Rxc5+ bxc5 41. Bf4 Ng7 42. h6 Ne6 43. Bc1 Nd4 44. Be3 f5 45. a4 c4+ 46. Kc3 Ne6 47. Bg1 f4 48. Kb4 f3 49. Ka5 Nc5 50. Be3 Kc6 51. Kb4 Nd3+ 52. Kxc4 Nxb2+ 0-1

[Event "Olomouc Chess Summer IM-B 2024"]
[Site "Olomouc"]
[Date "2024.08.12"]
[Round "4.14"]
[White "Schernthaner, David"]
[Black "Biolek, Richard Jr."]
[Result "1/2-1/2"]
[ECO "A43"]
[WhiteElo "2331"]
[BlackElo "2417"]
[Annotator "RC"]
[PlyCount "68"]
[EventDate "2024.08.10"]
[EventType "tourn"]
[EventCountry "CZE"]
[SourceTitle "playchess.com"]
[Source "ChessBase"]
[SourceQuality "1"]
[TimeControl "40/5400+30:1800+30"]

1. d4 e6 2. e4 c5 3. d5 exd5 4. exd5 d6 5. Nf3 Nf6 6. Nc3 Be7 7. Bd3 Bg4 8. h3 Bh5 9. O-O O-O 10. Re1 a6 11. a4 Nbd7 12. Bf4 Re8 13. g4 Bg6 14. Bxg6 hxg6 15. Qd3 Bf8 16. Rxe8 Nxe8 17. Re1 Rc8 18. Nd2 Be7 19. Nc4 Bf6 20. Ne4 Be5 21. Bxe5 dxe5 22. a5 Qc7 23. g5 Rd8 24. Rd1 Kf8 25. Qe3 Kg8 26. Rd3 f5 27. d6 Qc6 28. Nc3 e4 29. Rd5 b5 30. axb6 Nxb6 31. Rxc5 Nxc4 32. Rxc6 Nxe3 33. fxe3 Rxd6 34. Rxd6 Nxd6 1/2-1/2

[Event "Olomouc Chess Summer IM-B 2024"]
[Site "Olomouc"]
[Date "2024.08.12"]
[Round "4.15"]
[White "Zavurka, Roman"]
[Black "Plischki, Sebastian"]
[Result "1-0"]
[ECO "A48"]
[WhiteElo "2191"]
[BlackElo "2325"]
[Annotator "RC"]
[PlyCount "85"]
[EventDate "2024.08.10"]
[EventType "tourn"]
[EventCountry "CZE"]
[SourceTitle "playchess.com"]
[Source "ChessBase"]
[SourceQuality "1"]
[TimeControl "40/5400+30:1800+30"]

1. d4 Nf6 2. Bf4 g6 3. e3 Bg7 4. Nf3 O-O 5. Be2 c5 6. c3 Qb6 7. Qb3 d6 8. dxc5 Qxc5 9. h3 Nc6 10. O-O e5 11. Bh2 Rb8 12. Qa3 Ne4 13. Rd1 Rd8 14. Qxc5 Nxc5 15. b4 Ne6 16. b5 Ne7 17. Na3 f6 18. Nc2 Nc5 19. Nb4 Be6 20. Nd2 Rbc8 21. c4 a5 22. bxa6 bxa6 23. Nb3 Na4 24. Rdc1 Nc5 25. Rd1 Rd7 26. Nxc5 Rxc5 27. Nxa6 Ra5 28. Nb4 Kf7 29. e4 f5 30. f3 Bh6 31. Bg3 Rb7 32. a3 Be3+ 33. Bf2 Bxf2+ 34. Kxf2 Rb6 35. g4 f4 36. h4 Nc6 37. Rxd6 Rxb4 38. axb4 Rxa1 39. Rxc6 Ra2 40. Rc7+ Kf8 41. b5 Rb2 42. Ke1 h6 43. c5 1-0

[Event "Olomouc Chess Summer IM-B 2024"]
[Site "Olomouc"]
[Date "2024.08.13"]
[Round "5.12"]
[White "Plischki, Sebastian"]
[Black "Schernthaner, David"]
[Result "1/2-1/2"]
[ECO "E21"]
[WhiteElo "2325"]
[BlackElo "2331"]
[Annotator "RC"]
[PlyCount "38"]
[EventDate "2024.08.10"]
[EventType "tourn"]
[EventCountry "CZE"]
[SourceTitle "playchess.com"]
[Source "ChessBase"]
[SourceQuality "1"]
[TimeControl "40/5400+30:1800+30"]

1. d4 Nf6 2. c4 e6 3. Nc3 Bb4 4. e3 O-O 5. Bd2 b6 6. Nf3 Bb7 7. Bd3 Bxc3 8. Bxc3 Ne4 9. Bxe4 Bxe4 10. d5 f6 11. Nd2 Bg6 12. h4 Bf7 13. Qf3 exd5 14. cxd5 c6 15. d6 Na6 16. O-O Nc5 17. b3 Qe8 18. e4 Qe6 19. Qg3 Nxe4 1/2-1/2

[Event "Olomouc Chess Summer IM-B 2024"]
[Site "Olomouc"]
[Date "2024.08.13"]
[Round "5.13"]
[White "Delgerdalai, Bayarjavkhlan"]
[Black "Zavurka, Roman"]
[Result "1-0"]
[ECO "B00"]
[WhiteElo "2278"]
[BlackElo "2191"]
[Annotator "RC"]
[PlyCount "83"]
[EventDate "2024.08.10"]
[EventType "tourn"]
[EventCountry "CZE"]
[SourceTitle "playchess.com"]
[Source "ChessBase"]
[SourceQuality "1"]
[TimeControl "40/5400+30:1800+30"]

1. e4 b6 2. d4 Bb7 3. Nc3 e6 4. Bd3 Nf6 5. Nge2 d5 6. e5 Ng8 7. Nb1 c5 8. c3 Nc6 9. a3 Nge7 10. Be3 Ng6 11. Nd2 Qd7 12. f4 Nh4 13. Bf2 Be7 14. g3 Nf5 15. Nf3 h5 16. b4 c4 17. Bc2 g6 18. Qd2 a6 19. Neg1 b5 20. Nh3 a5 21. O-O Kf8 22. Nhg5 Kg7 23. h3 Nh6 24. Kg2 Ra7 25. Rh1 Rha8 26. Rab1 axb4 27. axb4 Ra2 28. g4 Rg8 29. gxh5 gxh5 30. Kh2 Bxg5 31. Nxg5 Ne7 32. Ra1 Rga8 33. Rxa2 Rxa2 34. Rg1 Ng6 35. Qd1 Qe8 36. Qb1 Ra6 37. Nxf7 Ng4+ 38. hxg4 Qxf7 39. f5 Nf4 40. f6+ Kf8 41. g5 Bc6 42. g6 1-0

[Event "Olomouc Chess Summer IM-B 2024"]
[Site "Olomouc"]
[Date "2024.08.13"]
[Round "5.14"]
[White "Leitgeb, Julian"]
[Black "Dukic, Zachary"]
[Result "0-1"]
[ECO "C41"]
[WhiteElo "2313"]
[BlackElo "2244"]
[Annotator "RC"]
[PlyCount "122"]
[EventDate "2024.08.10"]
[EventType "tourn"]
[EventCountry "CZE"]
[SourceTitle "playchess.com"]
[Source "ChessBase"]
[SourceQuality "1"]
[TimeControl "40/5400+30:1800+30"]

1. e4 d6 2. d4 Nf6 3. Nc3 e5 4. Nf3 Nbd7 5. Rg1 g6 6. g4 exd4 7. Nxd4 Bg7 8. Be3 O-O 9. g5 Ne8 10. Qd2 c5 11. Nb3 a5 12. a4 Qe7 13. f3 Ne5 14. Be2 Be6 15. Nd5 Bxd5 16. Qxd5 Nc7 17. Qd2 b6 18. O-O-O Rad8 19. f4 Nc6 20. Bf3 d5 21. exd5 Nb4 22. d6 Rxd6 23. Qxd6 Qxe3+ 24. Kb1 Ne8 25. Qxb6 Qxf3 26. Qxc5 Qxf4 27. Nxa5 Na6 28. Qc6 Nec7 29. Nb3 Qe5 30. Nd4 Ne6 31. Qxa6 Nxd4 32. Rge1 Qb8 33. c3 Nf3 34. Re3 Nxg5 35. h4 Qf4 36. Red3 Ne6 37. Qc6 Rb8 38. Ka2 Bh6 39. b4 Qf2+ 40. Kb1 Qxh4 41. Qd6 Bf4 42. Qd5 Bc7 43. Kc2 Qf6 44. Qe4 Ng7 45. a5 Nf5 46. Rd7 Bg3 47. R1d3 h5 48. Qc4 h4 49. a6 Bf2 50. Kb3 Kg7 51. Rb7 Rxb7 52. axb7 Ba7 53. Qc8 Qe5 54. Qa8 Qe6+ 55. Ka3 Qa6+ 56. Kb2 Qxd3 57. Qxa7 Qd2+ 58. Kb3 Qd1+ 59. Kb2 Nd6 60. b8=Q Nc4+ 61. Ka2 Qc2+ 0-1

[Event "Olomouc Chess Summer IM-B 2024"]
[Site "Olomouc"]
[Date "2024.08.13"]
[Round "5.15"]
[White "Ihnat, Marek"]
[Black "Ptacnikova, Lenka"]
[Result "1/2-1/2"]
[ECO "B35"]
[WhiteElo "2097"]
[BlackElo "2086"]
[Annotator "NA RC"]
[PlyCount "31"]
[EventDate "2024.08.10"]
[EventType "tourn"]
[EventCountry "CZE"]
[SourceTitle "playchess.com"]
[Source "ChessBase"]
[SourceQuality "1"]
[TimeControl "40/5400+30:1800+30"]

1. e4 c5 2. Nf3 Nc6 3. d4 cxd4 4. Nxd4 g6 5. Nc3 Bg7 6. Be3 Nf6 7. Bc4 O-O 8. Bb3 Re8 9. f3 e6 10. f4 d6 11. Ndb5 Bf8 12. O-O a6 13. Nd4 Na5 14. Qf3 Nxb3 15. Nxb3 Qc7 16. Rae1 1/2-1/2

[Event "Olomouc Chess Summer IM-B 2024"]
[Site "Olomouc"]
[Date "2024.08.14"]
[Round "6.11"]
[White "Jurek, Josef"]
[Black "Ptacnikova, Lenka"]
[Result "1/2-1/2"]
[ECO "E11"]
[WhiteElo "2191"]
[BlackElo "2086"]
[Annotator "RC"]
[PlyCount "49"]
[EventDate "2024.08.10"]
[EventType "tourn"]
[EventCountry "CZE"]
[SourceTitle "playchess.com"]
[Source "ChessBase"]
[SourceQuality "1"]
[TimeControl "40/5400+30:1800+30"]

1. d4 Nf6 2. c4 e6 3. g3 d5 4. Bg2 Bb4+ 5. Bd2 Be7 6. Nf3 O-O 7. O-O dxc4 8. Qc2 a6 9. Qxc4 b5 10. Qc2 Bb7 11. Rc1 Nc6 12. Qd3 Nb4 13. Bxb4 Bxb4 14. a3 Be7 15. b4 Bxf3 16. Bxf3 Nd5 17. Nc3 c6 18. Ne4 a5 19. Nc5 axb4 20. e4 b3 21. Nxb3 Nb6 22. e5 Nc4 23. Bxc6 Nxe5 24. Qxb5 Nxc6 25. Qxc6 1/2-1/2

[Event "Olomouc Chess Summer IM-B 2024"]
[Site "Olomouc"]
[Date "2024.08.14"]
[Round "6.12"]
[White "Dukic, Zachary"]
[Black "Ihnat, Marek"]
[Result "1-0"]
[ECO "C63"]
[WhiteElo "2244"]
[BlackElo "2097"]
[Annotator "RC"]
[PlyCount "63"]
[EventDate "2024.08.10"]
[EventType "tourn"]
[EventCountry "CZE"]
[SourceTitle "playchess.com"]
[Source "ChessBase"]
[SourceQuality "1"]
[TimeControl "40/5400+30:1800+30"]

1. e4 e5 2. Nf3 Nc6 3. Bb5 f5 4. d3 fxe4 5. dxe4 Nf6 6. O-O Bc5 7. Qd3 d6 8. Qc4 a6 9. Bxc6+ bxc6 10. Nxe5 Qe7 11. Nd3 Be6 12. Qa4 O-O 13. Nxc5 dxc5 14. Bg5 h6 15. Bxf6 Rxf6 16. Nd2 Rd8 17. Qa5 Qd7 18. Nb3 Bh3 19. f3 Rg6 20. Rf2 c4 21. Nc5 Qd1+ 22. Qe1 Qd4 23. Kh1 Qxc5 24. gxh3 Qh5 25. Qf1 Kh8 26. Qxc4 Qxh3 27. Qxa6 Rd2 28. Qf1 Qd7 29. Re1 Qd4 30. Rxd2 Qxd2 31. Qe2 Rg2 32. Kxg2 1-0

[Event "Olomouc Chess Summer IM-B 2024"]
[Site "Olomouc"]
[Date "2024.08.14"]
[Round "6.13"]
[White "Zavurka, Roman"]
[Black "Leitgeb, Julian"]
[Result "1/2-1/2"]
[ECO "A48"]
[WhiteElo "2191"]
[BlackElo "2313"]
[Annotator "RC"]
[PlyCount "107"]
[EventDate "2024.08.10"]
[EventType "tourn"]
[EventCountry "CZE"]
[SourceTitle "playchess.com"]
[Source "ChessBase"]
[SourceQuality "1"]
[TimeControl "40/5400+30:1800+30"]

1. d4 Nf6 2. Nf3 g6 3. Bf4 Bg7 4. e3 O-O 5. Be2 d6 6. h3 c5 7. c3 cxd4 8. exd4 Qb6 9. Qb3 Be6 10. Qxb6 axb6 11. a3 Nd5 12. Bd2 Nc6 13. Ng5 Bf5 14. Bc4 e6 15. g4 Bc2 16. Bxd5 exd5 17. Be3 Na5 18. Nd2 Nc4 19. Nxc4 dxc4 20. Kd2 Bd3 21. Rhe1 h6 22. Nf3 f5 23. gxf5 Rxf5 24. Nh4 Rb5 25. b4 Rh5 26. Ng2 g5 27. h4 Be4 28. hxg5 hxg5 29. Rg1 Kf7 30. a4 Bf6 31. Ne1 Bd8 32. Nc2 Ke6 33. Na3 d5 34. Nb5 Kd7 35. Na3 Bf6 36. Nc2 Ke6 37. a5 bxa5 38. Rxa5 Rxa5 39. bxa5 Bd8 40. Ra1 Rh1 41. Rxh1 Bxh1 42. Nb4 g4 43. a6 bxa6 44. Nxa6 Kf5 45. Nc5 Bc7 46. Ke2 Bf3+ 47. Kd2 g3 48. fxg3 Bxg3 49. Nd7 Ke6 50. Ne5 Be4 51. Bh6 Kf5 52. Be3 Bxe5 53. dxe5 Kxe5 54. Bd4+ 1/2-1/2

[Event "Olomouc Chess Summer IM-B 2024"]
[Site "Olomouc"]
[Date "2024.08.14"]
[Round "6.14"]
[White "Biolek, Richard Jr."]
[Black "Plischki, Sebastian"]
[Result "1/2-1/2"]
[ECO "B42"]
[WhiteElo "2417"]
[BlackElo "2325"]
[Annotator "RC"]
[PlyCount "27"]
[EventDate "2024.08.10"]
[EventType "tourn"]
[EventCountry "CZE"]
[SourceTitle "playchess.com"]
[Source "ChessBase"]
[SourceQuality "1"]
[TimeControl "40/5400+30:1800+30"]

1. e4 c5 2. Nf3 e6 3. d4 cxd4 4. Nxd4 a6 5. Bd3 Bc5 6. Nb3 Ba7 7. O-O Nc6 8. Qe2 d6 9. Be3 Nf6 10. a4 Bxe3 11. Qxe3 O-O 12. Nc3 e5 13. Bc4 Qc7 14. Rfc1 1/2-1/2

[Event "Olomouc Chess Summer IM-B 2024"]
[Site "Olomouc"]
[Date "2024.08.14"]
[Round "6.15"]
[White "Schernthaner, David"]
[Black "Delgerdalai, Bayarjavkhlan"]
[Result "1-0"]
[ECO "C90"]
[WhiteElo "2331"]
[BlackElo "2278"]
[Annotator "RC"]
[PlyCount "67"]
[EventDate "2024.08.10"]
[EventType "tourn"]
[EventCountry "CZE"]
[SourceTitle "playchess.com"]
[Source "ChessBase"]
[SourceQuality "1"]
[TimeControl "40/5400+30:1800+30"]

1. e4 e5 2. Nf3 Nc6 3. Bb5 a6 4. Ba4 Nf6 5. O-O Be7 6. Re1 b5 7. Bb3 O-O 8. a4 b4 9. a5 d6 10. c3 Rb8 11. Bc4 bxc3 12. dxc3 Bb7 13. Nbd2 g6 14. Nf1 Kg7 15. Ng3 Qc8 16. h3 Nd8 17. Nh2 Ne6 18. Ng4 Ng8 19. Ne3 Nf4 20. h4 Nh6 21. h5 f5 22. hxg6 hxg6 23. exf5 gxf5 24. Nexf5+ Nxf5 25. Bxf4 Nh4 26. Rxe5 Nf3+ 27. gxf3 dxe5 28. Bxe5+ Bf6 29. Nh5+ Kh6 30. Nxf6 Rxf6 31. Bxf6 Qf5 32. Qd2+ Kh7 33. Bd3 Rg8+ 34. Kf1 1-0

[Event "Olomouc Chess Summer IM-B 2024"]
[Site "Olomouc"]
[Date "2024.08.15"]
[Round "7.11"]
[White "Plischki, Sebastian"]
[Black "Jurek, Josef"]
[Result "1/2-1/2"]
[ECO "A34"]
[WhiteElo "2325"]
[BlackElo "2191"]
[Annotator "RC"]
[PlyCount "115"]
[EventDate "2024.08.10"]
[EventType "tourn"]
[EventCountry "CZE"]
[SourceTitle "playchess.com"]
[Source "ChessBase"]
[SourceQuality "1"]
[TimeControl "40/5400+30:1800+30"]

1. c4 Nf6 2. Nc3 c5 3. Nf3 b6 4. e4 d6 5. d4 cxd4 6. Nxd4 Bb7 7. f3 a6 8. Be3 e6 9. Qd2 Be7 10. O-O-O O-O 11. g4 Qc7 12. g5 Nfd7 13. Kb1 Nc6 14. Rc1 Nxd4 15. Qxd4 Rfc8 16. Be2 Qc5 17. Qd2 Qa5 18. Rhg1 Bf8 19. h4 b5 20. h5 Ne5 21. Bd4 Nxc4 22. Bxc4 Rxc4 23. g6 e5 24. Be3 b4 25. Ne2 Rxc1+ 26. Nxc1 d5 27. gxf7+ Kxf7 28. Rg5 Re8 29. f4 exf4 30. Bxf4 Rxe4 31. Be5 Qc5 32. Qg2 Re1 33. Rxg7+ Bxg7 34. Qxg7+ Ke8 35. Qg8+ Qf8 36. Qxh7 Rxe5 37. Qxb7 Qf5+ 38. Ka1 Qc2 39. Qb8+ Kd7 40. Qa7+ Ke8 41. Qb8+ Kf7 42. Qa7+ Kg8 43. Qg1+ Kh7 44. Qa7+ Kh6 45. Qxa6+ Kxh5 46. Qf1 Qd2 47. Kb1 Re1 48. Qf5+ Kh4 49. Qf6+ Kg3 50. Qg6+ Kh2 51. Qh7+ Kg1 52. Qg7+ Kf1 53. Qf7+ Kg2 54. Qg6+ Kf3 55. Qf5+ Kg3 56. Qg6+ Kh4 57. Qf6+ Kg4 58. Qg7+ 1/2-1/2

[Event "Olomouc Chess Summer IM-B 2024"]
[Site "Olomouc"]
[Date "2024.08.15"]
[Round "7.12"]
[White "Delgerdalai, Bayarjavkhlan"]
[Black "Biolek, Richard Jr."]
[Result "0-1"]
[ECO "D85"]
[WhiteElo "2278"]
[BlackElo "2417"]
[Annotator "ChessBase"]
[PlyCount "154"]
[EventDate "2024.08.10"]
[EventType "tourn"]
[EventCountry "CZE"]
[SourceTitle "playchess.com"]
[Source "ChessBase"]
[SourceQuality "1"]
[TimeControl "40/5400+30:1800+30"]

1. d4 Nf6 2. c4 g6 3. Nc3 d5 4. cxd5 Nxd5 5. e4 Nxc3 6. bxc3 Bg7 7. Qa4+ Nd7 8. Nf3 O-O 9. Qa3 b6 10. Be2 Bb7 11. e5 e6 12. Bg5 Qc8 13. O-O c5 14. Rfe1 Qc6 15. Qb3 a6 16. a4 Rfc8 17. Rac1 Rab8 18. h3 c4 19. Qa3 b5 20. a5 Re8 21. Be7 f6 22. exf6 Nxf6 23. Bd6 Bf8 24. Bxf8 Rxf8 25. Bf1 Nd5 26. Ne5 Qc7 27. Rc2 Rbe8 28. g3 Nf6 29. Bg2 Bxg2 30. Kxg2 Nd5 31. Rce2 Kg7 32. Kg1 h5 33. h4 Rf5 34. f4 b4 35. cxb4 c3 36. Qa4 Rc8 37. Kh2 Qb7 38. Nd3 g5 39. hxg5 h4 40. g4 Rxf4 41. Rxe6 Qf7 42. g6 Rf2+ 43. Kg1 Rf1+ 44. Rxf1 Qxe6 45. Ne5 c2 46. Qa3 Nc3 47. Kh2 Ne4 48. Qe3 c1=Q 49. Rxc1 Qa2+ 50. Kh3 Qf2 51. Qxf2 Nxf2+ 52. Kg2 Rxc1 53. Kxf2 Rc2+ 54. Kg1 h3 55. g5 Rd2 56. Kh1 Rxd4 57. Nc6 Rd6 58. Ne5 Rd2 59. Kg1 Rg2+ 60. Kh1 Rd2 61. Kg1 Rg2+ 62. Kh1 Rxg5 63. Nd3 Rxg6 64. Nc5 Kf7 65. Kh2 Ke7 66. Kxh3 Kd8 67. Kh4 Kc7 68. Kh5 Rc6 69. Kg5 Kd6 70. Kf4 Kd5 71. Ke3 Kc4 72. Kd2 Kxb4 73. Nd3+ Kxa5 74. Ne1 Ka4 75. Nc2 Rc8 76. Kd3 Kb3 77. Nd4+ Kb2 0-1

[Event "Olomouc Chess Summer IM-B 2024"]
[Site "Olomouc"]
[Date "2024.08.15"]
[Round "7.13"]
[White "Leitgeb, Julian"]
[Black "Schernthaner, David"]
[Result "1/2-1/2"]
[ECO "D87"]
[WhiteElo "2313"]
[BlackElo "2331"]
[Annotator "RC"]
[PlyCount "52"]
[EventDate "2024.08.10"]
[EventType "tourn"]
[EventCountry "CZE"]
[SourceTitle "playchess.com"]
[Source "ChessBase"]
[SourceQuality "1"]
[TimeControl "40/5400+30:1800+30"]

1. d4 Nf6 2. c4 g6 3. Nc3 d5 4. cxd5 Nxd5 5. e4 Nxc3 6. bxc3 Bg7 7. Bc4 c5 8. Ne2 O-O 9. O-O Nc6 10. Be3 b6 11. dxc5 Qc7 12. Nd4 Ne5 13. Nb5 Qb8 14. Bd5 Ng4 15. g3 Nxe3 16. fxe3 a6 17. Bxa8 axb5 18. Bd5 Qc7 19. cxb6 Qxb6 20. Qe2 e6 21. Bb3 b4 22. a4 Qc6 23. Qc4 Qb6 24. Qe2 Qc6 25. Qc4 Qb6 26. Qe2 Qc6 1/2-1/2

[Event "Olomouc Chess Summer IM-B 2024"]
[Site "Olomouc"]
[Date "2024.08.15"]
[Round "7.14"]
[White "Ihnat, Marek"]
[Black "Zavurka, Roman"]
[Result "0-1"]
[ECO "C41"]
[WhiteElo "2097"]
[BlackElo "2191"]
[Annotator "RC"]
[PlyCount "90"]
[EventDate "2024.08.10"]
[EventType "tourn"]
[EventCountry "CZE"]
[SourceTitle "playchess.com"]
[Source "ChessBase"]
[SourceQuality "1"]
[TimeControl "40/5400+30:1800+30"]

1. e4 d6 2. d4 Nf6 3. Nc3 e5 4. Nf3 exd4 5. Nxd4 Be7 6. Be2 O-O 7. O-O Re8 8. Re1 Bf8 9. Bd3 c5 10. Nde2 h6 11. h3 Nc6 12. Nf4 a6 13. Nfd5 Be6 14. a4 Bxd5 15. Nxd5 Nxd5 16. exd5 Rxe1+ 17. Qxe1 Nb4 18. Be4 Qe7 19. Bd2 Re8 20. f3 a5 21. c3 Na6 22. Qg3 c4 23. Bxh6 Nc5 24. Bd2 Qd7 25. Re1 Nxe4 26. Rxe4 Qxa4 27. Rxe8 Qxe8 28. Bf4 Qb5 29. Bxd6 Qb6+ 30. Qf2 Qxf2+ 31. Kxf2 Bxd6 32. Ke3 b5 33. Kd4 Kf8 34. h4 Ke7 35. g4 Kf6 36. Ke4 Bc5 37. f4 b4 38. cxb4 axb4 39. h5 c3 40. g5+ Ke7 41. bxc3 bxc3 42. Kd3 Bd4 43. f5 Be5 44. g6 fxg6 45. fxg6 Kd6 0-1

[Event "Olomouc Chess Summer IM-B 2024"]
[Site "Olomouc"]
[Date "2024.08.15"]
[Round "7.15"]
[White "Ptacnikova, Lenka"]
[Black "Dukic, Zachary"]
[Result "0-1"]
[ECO "B07"]
[WhiteElo "2086"]
[BlackElo "2244"]
[Annotator "RC"]
[PlyCount "60"]
[EventDate "2024.08.10"]
[EventType "tourn"]
[EventCountry "CZE"]
[SourceTitle "playchess.com"]
[Source "ChessBase"]
[SourceQuality "1"]
[TimeControl "40/5400+30:1800+30"]

1. d4 d6 2. e4 Nf6 3. Nc3 e5 4. dxe5 dxe5 5. Qxd8+ Kxd8 6. Bc4 Bb4 7. Bxf7 Rf8 8. Bb3 Nxe4 9. Nge2 Nc5 10. Bg5+ Ke8 11. O-O-O Nxb3+ 12. axb3 Nc6 13. Nd5 Bd6 14. f4 Bg4 15. Rhe1 Kd7 16. h3 Bxe2 17. Rxe2 Rae8 18. fxe5 Nxe5 19. Be3 Ng6 20. Red2 Rf5 21. Bg1 Kc6 22. Rd4 b6 23. Rc4+ Kb7 24. Nc3 Nf4 25. Bh2 Ne2+ 26. Nxe2 Bxh2 27. Nc3 Rf2 28. g4 g5 29. Kb1 Rf3 30. Ne4 h6 0-1

[Event "Olomouc Chess Summer IM-B 2024"]
[Site "Olomouc"]
[Date "2024.08.16"]
[Round "8.11"]
[White "Jurek, Josef"]
[Black "Dukic, Zachary"]
[Result "1/2-1/2"]
[ECO "A49"]
[WhiteElo "2191"]
[BlackElo "2244"]
[Annotator "ChessBase"]
[PlyCount "110"]
[EventDate "2024.08.10"]
[EventType "tourn"]
[EventCountry "CZE"]
[SourceTitle "playchess.com"]
[Source "ChessBase"]
[SourceQuality "1"]
[TimeControl "40/5400+30:1800+30"]

1. Nf3 d6 2. d4 Nf6 3. g3 g6 4. b3 Bg7 5. Bb2 b5 6. Bg2 Bb7 7. O-O Nbd7 8. Nbd2 O-O 9. Re1 c5 10. e4 cxd4 11. Nxd4 Qb6 12. a4 a6 13. axb5 axb5 14. Qe2 Rxa1 15. Bxa1 Ra8 16. Nxb5 Ba6 17. c4 Bxb5 18. cxb5 Ra2 19. Bc3 Nxe4 20. Bxg7 Rxd2 21. Qe3 Qxe3 22. fxe3 Kxg7 23. Bxe4 Rb2 24. Rb1 Rxb1+ 25. Bxb1 Kf6 26. Kf2 Ke5 27. b4 d5 28. Ke2 d4 29. Ba2 e6 30. Kd3 dxe3 31. Kxe3 Nb6 32. Kd3 f5 33. Bb3 g5 34. h3 h5 35. Bd1 g4 36. hxg4 hxg4 37. Bb3 Kd6 38. Kd4 e5+ 39. Ke3 Nd5+ 40. Ke2 Nxb4 41. b6 Kc6 42. Kd2 Kd6 43. Ke3 Nc6 44. Ba4 Ne7 45. Kf2 e4 46. Be8 Nd5 47. Bg6 e3+ 48. Kf1 f4 49. Bf7 Nxb6 50. gxf4 g3 51. Bh5 Nd5 52. Kg2 Nxf4+ 53. Kxg3 Nxh5+ 54. Kf3 e2 55. Kxe2 Ke5 1/2-1/2

[Event "Olomouc Chess Summer IM-B 2024"]
[Site "Olomouc"]
[Date "2024.08.16"]
[Round "8.12"]
[White "Zavurka, Roman"]
[Black "Ptacnikova, Lenka"]
[Result "1-0"]
[ECO "A48"]
[WhiteElo "2191"]
[BlackElo "2086"]
[Annotator "ChessBase"]
[PlyCount "135"]
[EventDate "2024.08.10"]
[EventType "tourn"]
[EventCountry "CZE"]
[SourceTitle "playchess.com"]
[Source "ChessBase"]
[SourceQuality "1"]
[TimeControl "40/5400+30:1800+30"]

1. d4 Nf6 2. Nf3 g6 3. Bf4 Bg7 4. e3 b6 5. Be2 Bb7 6. h3 O-O 7. O-O d6 8. c3 Nc6 9. a4 a5 10. Nbd2 Nd5 11. Bg3 e5 12. Qb3 Nde7 13. Bb5 e4 14. Nxe4 Nxd4 15. Nxd4 Bxe4 16. Bh4 c5 17. Bc6 cxd4 18. Bxe4 d5 19. Bxe7 Qxe7 20. Bxd5 dxc3 21. Bxa8 cxb2 22. Rab1 Rxa8 23. Qxb6 h5 24. Rxb2 Bxb2 25. Qxb2 Qb4 26. Qc2 Rb8 27. Rd1 Kg7 28. Kh2 Re8 29. Rb1 Qe4 30. Qb3 Qe5+ 31. Kg1 Rd8 32. Rd1 Rb8 33. Qd5 Qc3 34. Qd4+ Qxd4 35. Rxd4 Rb1+ 36. Kh2 Ra1 37. Kg3 Ra2 38. h4 Kf6 39. f3 Ke6 40. e4 Kf6 41. Kf4 Ke6 42. g3 Ra3 43. Rc4 Kf6 44. g4 hxg4 45. fxg4 Ra1 46. e5+ Ke6 47. Kg5 Kxe5 48. Rc5+ Ke6 49. Rxa5 Ke7 50. Re5+ Kf8 51. Re4 Kg7 52. Kf4 Rh1 53. Ke5 Rxh4 54. a5 Rh8 55. a6 Ra8 56. Ra4 Re8+ 57. Kf4 f6 58. Rb4 g5+ 59. Kf3 Kg6 60. a7 Ra8 61. Ra4 Kf7 62. Ke4 Re8+ 63. Kd5 Ra8 64. Ra5 f5 65. gxf5 Kf6 66. Ke4 Re8+ 67. Kf3 Ra8 68. Kg4 1-0

[Event "Olomouc Chess Summer IM-B 2024"]
[Site "Olomouc"]
[Date "2024.08.16"]
[Round "8.13"]
[White "Schernthaner, David"]
[Black "Ihnat, Marek"]
[Result "1-0"]
[ECO "B90"]
[WhiteElo "2331"]
[BlackElo "2097"]
[Annotator "RC"]
[PlyCount "51"]
[EventDate "2024.08.10"]
[EventType "tourn"]
[EventCountry "CZE"]
[SourceTitle "playchess.com"]
[Source "ChessBase"]
[SourceQuality "1"]
[TimeControl "40/5400+30:1800+30"]

1. e4 c5 2. Nf3 d6 3. d4 cxd4 4. Nxd4 Nf6 5. Nc3 a6 6. h3 e5 7. Nde2 h5 8. Bg5 Be7 9. Bxf6 Bxf6 10. Qd3 Nc6 11. O-O-O Be7 12. Nd5 Be6 13. Kb1 Rc8 14. f4 Qa5 15. a3 Bxd5 16. exd5 Nb8 17. fxe5 dxe5 18. Ng3 g6 19. d6 Rd8 20. Qf3 Rxd6 21. Rxd6 Bxd6 22. Qf6 Qe1+ 23. Ka2 O-O 24. Nxh5 gxh5 25. Qg5+ Kh8 26. Bd3 1-0